 Dungeon Crawl Stone Soup version 0.21.1-1-g345015f (webtiles) character file.

83 kae the Insei (level 4, -2/33 HPs)
             Began as a Demonspawn Transmuter on May 19, 2018.
             Killed from afar by Terence (9 damage)
             ... with a wand of flame (32)
             ... on level 3 of the Dungeon.
             The game lasted 00:02:08 (3083 turns).

kae the Insei (Demonspawn Transmuter)               Turns: 3083, Time: 00:02:09

Health: -2/33      AC:  2    Str: 10    XL:     4   Next: 22%
Magic:  2/7        EV: 12    Int: 14    God:
Gold:   68         SH:  0    Dex: 15    Spells: 1/7 levels left

rFire    . . .     SeeInvis .     - Unarmed
rCold    . . .     Gourm    .   (no shield)
rNeg     . . .     Faith    .   b - +0 robe
rPois    .         Spirit   .   (no helmet)
rElec    .         Reflect  .   (no cloak)
rCorr    .         Harm     .   (no gloves)
MR       .....                  (boots currently unavailable)
Stlth    ++........             (no amulet)
HPRegen  0.11/turn              (no ring)
MPRegen  0.10/turn              (no ring)

@: appendage (expiring), very slightly contaminated
A: talons 3, demonic guardian 1, nightstalker 1
a: End Transformation


You were on level 3 of the Dungeon.
You were not hungry.
You had grown temporary talons.
You visited 1 branch of the dungeon, and saw 3 of its levels.

You collected 68 gold pieces.

Inventory:

Missiles
 a - 29 arrows
Armour
 b - a +0 robe (worn)
Scrolls
 f - a scroll of immolation {unknown}
 g - 2 scrolls of teleportation {unknown}
 h - a scroll of identify
 i - a scroll of magic mapping {unknown}
 l - a scroll of blinking {unknown}
Potions
 e - 3 potions of curing
 j - 2 potions of flight
 k - a potion of haste {unknown}
Books
 c - a book of Changes

   Spells                             Type                      Level
   a - Beastly Appendage              Transmutation                1
   b - Sticks to Snakes               Transmutation                2
   c - Spider Form                    Transmutation/Poison         3
   d - Ice Form                       Ice/Transmutation            4
   e - Blade Hands                    Transmutation                5
Comestibles
 d - 3 rations
 m - 2 chunks of flesh


   Skills:
 + Level 1.8 Fighting
 - Level 1.7 Dodging
 * Level 3.5 Unarmed Combat
 + Level 2.4 Spellcasting
 * Level 2.6 Transmutations


You had one spell level left.
You knew the following spells:

 Your Spells              Type           Power        Failure   Level  Hunger
a - Beastly Appendage     Tmut           #.....       8%          1    #......
b - Sticks to Snakes      Tmut           #.......     12%         2    ###....
c - Spider Form           Tmut/Pois      #.........   36%         3    ###....


Dungeon Overview and Level Annotations

Branches:
Dungeon (3/15)

Altars:
Cheibriados

Annotations:
D:3 Terence


Innate Abilities, Weirdness & Mutations

A weak demonic guardian rushes to your aid.
You are slightly more attuned to the shadows.
You have claws for feet.


Message History

Terence shouts!
Terence hits you with a hand axe. Terence barely misses your ball python.
Terence zaps a wand.
The puff of flame hits you!
It is a wand of flame (33).
Your ball python closely misses Terence.
Your ball python grabs Terence.
Your ball python constricts Terence.
Casting: Sticks to Snakes
Confirm with . or Enter, or press ? or * to list all spells.
You miscast Sticks to Snakes.
You are very lightly contaminated with residual magic.
Nothing appears to happen.
Your ball python bites Terence but does no damage.
Your ball python constricts Terence.
Terence zaps a wand.
The puff of flame hits you!
* * * LOW HITPOINT WARNING * * *
Your ufetubus hits Terence but does no damage.
Your ufetubus hits Terence.
Your ball python bites Terence but does no damage.
Your ball python constricts Terence.
Terence zaps a wand.
The puff of flame hits you!
You die...

#....# #....#
#....# #.#
####.# #.# #
#.#.# #.# #
#.#.# #.# #
#.#.# #.### #
#.#.######.@.#
#
#.#.##...@.5S#
#
#.#.##.###...#
# #...##.#
#...# #
##..##.# #...#
#.>...# #...#
####### #####


You could see Terence, a friendly ufetubus and a friendly ball python.

Vanquished Creatures
  An adder (D:2)
  A worm (D:2)
  A dart slug (D:1)
  An orc (D:3)
  4 bats
  A giant cockroach (D:1)
  9 goblins
  4 hobgoblins
  5 frilled lizards
  3 kobolds
  8 rats
38 creatures vanquished.

Vanquished Creatures (collateral kills)
  A scorpion (D:2)
1 creature vanquished.

Grand Total: 39 creatures vanquished

Notes
Turn   | Place    | Note
-------+----------+-------------------------------------------
     0 | D:1      | kae the Demonspawn Transmuter began the quest for the Orb.
     0 | D:1      | Reached XP level 1. HP: 15/15 MP: 3/3
   603 | D:1      | Gained mutation: A weak demonic guardian rushes to your aid. [demonic ancestry]
   603 | D:1      | Reached XP level 2. HP: 19/21 MP: 5/5
   706 | D:1      | Reached skill level 3 in Unarmed Combat
  1443 | D:2      | Found a snail-covered altar of Cheibriados.
  1595 | D:2      | Noticed a scorpion
  1618 | D:2      | Killed a scorpion
  1618 | D:2      | Gained mutation: You are slightly more attuned to the shadows. [demonic ancestry]
  1618 | D:2      | Reached XP level 3. HP: 13/27 MP: 6/6
  2250 | D:2      | Reached XP level 4. HP: 22/33 MP: 5/7
  2260 | D:2      | Learned a level 2 spell: Sticks to Snakes
  2264 | D:2      | Learned a level 3 spell: Spider Form
  3075 | D:3      | Noticed Terence
  3083 | D:3      | Killed from afar by Terence

Skill      XL: |  1  2 |
---------------+-------+-----
Transmutations | 2 |  2.6
Unarmed Combat | 3 |  3.5
Fighting       | |  1.8
Dodging        | |  1.7
Spellcasting   | |  2.4

Action                   |  1- 3 |  4- 6 || total
-------------------------+-------+-------++-------
Melee: Unarmed           |   140 |    40 ||   180
       Kick              |     3 |       ||     3
       Headbutt          |     4 |     6 ||    10
       Punch             |     3 |       ||     3
 Cast: Beastly Appendage |    16 |     5 ||    21
       Sticks to Snakes  |       |     2 ||     2
  Use: Scroll            |     4 |       ||     4
 Stab: Sleeping          |     3 |     1 ||     4
  Eat: Chunk             |     2 |     2 ||     4
       Ration            |     1 |       ||     1
Armor: Robe              |    30 |     4 ||    34
Dodge: Dodged            |    99 |    17 ||   116
